 Dungeon Crawl Stone Soup version 0.17.1-2-g5865329 (webtiles) character file.

102 Grim the Cudgeler (level 4, -1/58 HPs)
             Began as a Minotaur Berserker on Feb 12, 2016.
             Was a Believer of Trog.
             Slain by an iguana (5 damage)
             ... on level 3 of the Dungeon.
             The game lasted 00:02:42 (2004 turns).

Grim the Cudgeler (Minotaur Berserker)              Turns: 2004, Time: 00:02:42

Health: -1/58      AC:  2    Str: 26    XL:     4   Next: 50%
Magic:  3/3        EV: 12    Int:  4    God:    Trog [**....]
Gold:   118        SH:  0    Dex: 11    Spells: 0 memorised, 3 levels left

rFire  . . .     SeeInvis .     a - +0 mace
rCold  . . .     Clarity  .     b - +0 animal skin
rNeg   . . .     SustAt   .     (no shield)
rPois  .         Gourm    .     (helmet restricted)
rElec  .         Spirit   .     (no cloak)
rCorr  .         Warding  .     (no gloves)
rMut   .         Stasis   .     (no boots)
MR     .....                    (no amulet)
Stlth  ..........               (no ring)
                                (no ring)

@: berserking, very quick, not resistant to hostile enchantments, extremely
unstealthy
A: retaliatory headbutt, horns 2
a: Berserk, Trog's Hand, Burn Spellbooks, Renounce Religion


You were on level 3 of the Dungeon.
You worshipped Trog.
Trog was pleased with you.
You were not hungry.

You visited 1 branch of the dungeon, and saw 3 of its levels.

You collected 118 gold pieces.

Inventory:

Hand Weapons
 a - a +0 mace (weapon)
Armour
 b - a +0 animal skin (worn)
Jewellery
 g - an uncursed ring of wizardry {unknown}
Scrolls
 i - a scroll of identify {unknown}
 k - a scroll of enchant weapon {unknown}
 n - a scroll of random uselessness {unknown}
Potions
 d - a potion of might {unknown}
 e - a potion of lignification {unknown}
 h - a potion of mutation {unknown}
 j - a potion of beneficial mutation {unknown}
 l - a potion of agility {unknown}
 m - a potion of haste {unknown}
Comestibles
 c - 2 bread rations
 f - a meat ration


   Skills:
 - Level 3.6 Fighting
 + Level 6.4 Maces & Flails
 - Level 2.4 Armour
 - Level 2.1 Dodging


You had 3 spell levels left.
You didn't know any spells.

Dungeon Overview and Level Annotations

Branches:
Dungeon (3/15)

Altars:
Dithmenos


Innate Abilities, Weirdness & Mutations

You reflexively headbutt those who attack you in melee.
You have a pair of horns on your head.


Message History

The iguana bites you.
You barely miss the iguana.
You headbutt the iguana, but do no damage.
The iguana bites you!
* * * LOW HITPOINT WARNING * * *
You barely miss the iguana. The iguana bites you!
* * * LOW HITPOINT WARNING * * *
A red film seems to cover your vision as you go berserk!
You feel yourself moving faster!
You feel mighty!
You feel somewhat more hungry. The iguana closely misses you.
You are too injured to fight recklessly!
You are too injured to fight recklessly!
You are too injured to fight recklessly!
You are too injured to fight recklessly!
You completely miss the iguana. The iguana bites you.
* * * LOW HITPOINT WARNING * * *
You sock the iguana! Your headbutt misses the iguana.
The iguana is almost dead.
The iguana bites you.
You die...

### #.. ## #.#### ## .#
#.#.. ..+ .# #.#.# ...#
.##########.#.####....#.
.'..............@lr...>.
.##########.#######....#
.##### #.# ... .....#
#.# . .....# #.. .....#
### .....# ....)# .....#


You could see an iguana and a rat.

Vanquished Creatures
  2 adders (D:2)
  4 oozes
  A worm (D:2)
  A ball python (D:2)
  6 giant cockroaches
  10 goblins
  10 hobgoblins
  4 jackals (D:1)
  6 kobolds
  9 bats
  A giant gecko (D:2)
  9 rats
63 creatures vanquished.

Notes
Turn   | Place    | Note
--------------------------------------------------------------
     0 | D:1      | Grim the Minotaur Berserker began the quest for the Orb.
     0 | D:1      | Reached XP level 1. HP: 19/19 MP: 0/0
     5 | D:1      | Reached skill level 4 in Maces & Flails
     8 | D:1      | Reached XP level 2. HP: 21/26 MP: 1/1
   499 | D:1      | Reached skill level 5 in Maces & Flails
   593 | D:1      | Reached XP level 3. HP: 28/31 MP: 2/2
  1007 | D:1      | Reached ** piety under Trog
  1258 | D:2      | Reached XP level 4. HP: 39/39 MP: 3/3
  1292 | D:2      | Reached skill level 6 in Maces & Flails
  1873 | D:3      | Found a shadowy altar of Dithmenos.
  2004 | D:3      | Slain by an iguana

Action                   |  1- 3 |  4- 6 || total
-------------------------+-------+-------++-------
Melee: Mace              |    65 |    51 ||   116
Invok: Berserk           |     1 |     2 ||     3
 Stab: Sleeping          |     1 |       ||     1
  Eat: Chunk             |     2 |     4 ||     6
